 Dungeon Crawl Stone Soup version 0.29-a0-362-g5854e031c7 (webtiles) character file.

Game seed: 13876117140161023990

11 Shayle the Sneak (level 2, 0/17 HPs)
             Began as a Tengu Brigand on Apr 29, 2022.
             Slain by a goblin
             ... wielding a +0 club
              (2 damage)
             ... on level 1 of the Dungeon.
             The game lasted 00:01:19 (197 turns).

Shayle the Sneak (Tengu Brigand)                     Turns: 197, Time: 00:01:19

Health: 0/17       AC:  3    Str: 11    XL:     2   Next: 25%
Magic:  3/3        EV:  7    Int: 11    God:
Gold:   0          SH: 11    Dex: 15    Spells: 1/1 levels left

rFire   . . .      SeeInvis .   a - +2 dagger
rCold   . . .      Faith    .   f - +0 tower shield
rNeg    . . .      Spirit   .   b - +0 robe
rPois   .          Reflect  .   (helmet restricted)
rElec   .          Harm     .   c - +0 cloak
rCorr   .          Rampage  .   (no gloves)
Will    .....                   (boots unavailable)
Stlth   +++.......              (no amulet)
HPRegen 0.05/turn               (no ring)
MPRegen 0.08/turn               (no ring)

@: no status effects
A: beak, talons 3
a: no special abilities


You were on level 1 of the Dungeon.
You visited 1 branch of the dungeon, and saw 1 of its levels.

Inventory:

Hand Weapons
 a - a +2 dagger (weapon)
Missiles
 d - 9 poisoned darts (quivered)
 e - 3 curare-tipped darts
Armour
 b - a +0 robe (worn)
 c - a +0 cloak (worn)
 f - a +0 tower shield (worn)
Potions
 g - a potion of invisibility {unknown}
 h - 2 potions of attraction {unknown}


   Skills:
 + Level 2.1 Fighting
 - Level 2.1 Short Blades
 - Level 2.0 Throwing
 + Level 0.4 Armour
 + Level 1.3 Dodging
 + Level 4.1 Stealth
 + Level 0.4 Shields
 + Level 0.3 Spellcasting


You had one spell level left.
You didn't know any spells.
Your spell library was empty.

Dungeon Overview and Level Annotations

Branches:
Dungeon (1/15)

Altars:


Innate Abilities, Weirdness & Mutations

You have a beak for a mouth.
You have claws for feet.


Message History

You hit the hobgoblin. Your kick misses the hobgoblin.
The hobgoblin is moderately wounded.
The hobgoblin hits you. You block the hobgoblin's attack.
A kobold comes into view. It is wielding a +0 short sword.
You hit the hobgoblin.
You kill the hobgoblin!
Found a scroll labelled GUZOCI SOBB.
You block the kobold's attack.
A kobold comes into view. It is wielding a +0 short sword.
The kobold shouts!
You hit the kobold. You peck the kobold.
You kill the kobold!
The kobold throws a stone.
You block the stone.
A goblin comes into view. It is wielding a +0 club.
Things that are here:
a +0 short sword; a kobold corpse
Found 6 gold pieces.
The kobold throws a stone.
The stone hits you but does no damage.
The goblin shouts!
You block the kobold's attack.
There is an escape hatch in the floor here.
You barely miss the kobold. You peck the kobold.
The kobold is moderately wounded.
The kobold hits you with a +0 short sword.
The goblin hits you with a +0 club.
The kobold hits you with a +0 short sword.
* * * LOW HITPOINT WARNING * * *
The goblin hits you with a +0 club.
* * * LOW HITPOINT WARNING * * *
You barely miss the goblin. You claw the goblin.
The goblin is severely wounded.
The goblin hits you with a +0 club.
* * * LOW HITPOINT WARNING * * *
You block the kobold's attack.
Unknown command.
You closely miss the goblin.
The goblin is severely wounded.
You block the goblin's attack. You block the kobold's attack.
The goblin hits you with a +0 club.
You die...

#.######.......#
#.#####.# #.# #.##
# #..# #. ##.#
#####.######## #.#
.............###.#
#..K@..)......#
#..g###.#.##..#
#$.... #.#.##..#
#.##... ..?.##..#
. #... ..........
#.........##..##
........#.##..#
##....#..#.##..#


You could see a goblin and a kobold.

Vanquished Creatures
  A dart slug (D:1)
  A giant cockroach (D:1)
  A hobgoblin (D:1)
  A kobold (D:1)
  2 ball pythons (D:1)
  2 bats (D:1)
  A rat (D:1)
9 creatures vanquished.

Notes
Turn   | Place    | Note
-------+----------+-------------------------------------------
     0 | D:1      | Shayle the Tengu Brigand began the quest for the Orb.
     0 | D:1      | Reached XP level 1. HP: 12/12 MP: 2/2
   167 | D:1      | Reached XP level 2. HP: 17/17 MP: 3/3
   197 | D:1      | Slain by a goblin

Illustrated notes

Levels and vault maps discovered:
D:1:      elethiomel_arrival_infinity_welcomes_careful_drivers,
          layout_loops_ring, kennysheep_small_spiral, minmay_splitting_lines

Action                   || total
-------------------------++-------
Melee: Dagger            ||    15
       Peck              ||     2
       Kick              ||     1
 Stab: Sleeping          ||     5
Armor: Robe              ||     5
Dodge: Dodged            ||     4
Block: Tower shield      ||     7

Table legend: (Time is in decaauts)
 A = Elapsed time spent in this place.
 B = Non-inter-level travel time spent in this place.
 C = Inter-level travel time spent in this place.
 D = Time resting spent in this place.
 E = Time spent auto-exploring this place.
 F = Levels seen in this place.
 G = Mean time per level.
                   A        B        C        D        E       F      G
               +--------+--------+--------+--------+--------+-----+--------+
         Total |    200 |    200 |      0 |      0 |    108 |   1 |  200.0 |
       Dungeon |    200 |    200 |      0 |      0 |    108 |   1 |  200.0 |
               +--------+--------+--------+--------+--------+-----+--------+

Top non-repeatable levels by time:
     D:1: 200 daAuts
